SL
VANCOUVER GREY WOLVES @ FT. WORTH CATTLEMEN
08/15/2027
 
TOP OF THE 1ST
Vancouver Grey Wolves batting - Pitching for Ft. Worth Cattlemen : LHP Bartolomeu Lio
Pitching: LHP Bartolomeu Lio
Batting: RHB Hank Scorpio 0-0: Ball
1-0: Called Strike
1-1: Ground out 4-3 (Groundball, 4)
Batting: RHB Logan Namajunas 0-0: Swinging Strike
0-1: Swinging Strike
0-2: Ball
1-2: Ground out 4-3 (Groundball, 4)
Batting: RHB Frank Grimes 0-0: Ball
1-0: Called Strike
1-1: Ball
2-1: Ground out 4-3 (Groundball, 4)
Top of the 1st over - 0 run(s), 0 hit(s), 0 error(s), 0 left on base; Vancouver 0 - Ft. Worth 0
BOTTOM OF THE 1ST
Ft. Worth Cattlemen batting - Pitching for Vancouver Grey Wolves : LHP Gerardo Pagán
Pitching: LHP Gerardo Pagán
Batting: LHB Nobuo Yamashita 0-0: Foul Ball, location: 2F
0-1: Ball
1-1: Bunted foul
1-2: Ground out 4-3 (Groundball, 4)
Batting: SHB Robby Day 0-0: SINGLE (Groundball, 56D)
Batting: RHB Bart Lewis 0-0: Ball
1-0: Called Strike
1-1: Ball
2-1: Foul Ball, location: 2F
2-2: Ball
3-2: Foul Ball, location: 2F
3-2: Foul Ball, location: 2F
3-2: Base on Balls
Robby Day to second
Batting: LHB Ryan Westlake 0-0: Ball
1-0: Called Strike
1-1: Foul Ball, location: 2F
1-2: Ball
2-2: Strikes out swinging
Batting: RHB Tim Burney 0-0: Called Strike
0-1: Ball
1-1: Foul Ball, location: 2F
1-2: Foul Ball, location: 2F
1-2: Foul Ball, location: 2F
1-2: Ground out 1-3 (Groundball, 13S)
Bottom of the 1st over - 0 run(s), 1 hit(s), 0 error(s), 2 left on base; Vancouver 0 - Ft. Worth 0
TOP OF THE 2ND
Vancouver Grey Wolves batting - Pitching for Ft. Worth Cattlemen : LHP Bartolomeu Lio
Batting: RHB Hugh Mungus 0-0: Ball
1-0: Called Strike
1-1: Ball
2-1: Fly out, F7 (Flyball, 78D)
Batting: RHB Robert O'Connor 0-0: Called Strike
0-1: Ball
1-1: Ball
2-1: Reached on error, E4 (Groundball, 4)
Batting: RHB Tony Farquharson 0-0: Ball
1-0: Foul Ball, location: 2F
1-1: SINGLE (Groundball, 6S) (infield hit)
Robert O'Connor to second
Batting: LHB Aquiles Marmelo 0-0: Ball
1-0: Swinging Strike
1-1: Foul Ball, location: 2F
1-2: Ball
2-2: Strikes out swinging
Batting: RHB Pau Arria 0-0: Ball
1-0: Ball
2-0: Ball
3-0: Base on Balls
Robert O'Connor to third
Tony Farquharson to second
Batting: SHB Ted Striker 0-0: SINGLE (Groundball, 6MD)
Robert O'Connor scores
Tony Farquharson to third
Pau Arria to second
Runner from 3rd tries for Home, SAFE, throw made at trailing runner, OUT at third!
Top of the 2nd over - 2 run(s), 2 hit(s), 1 error(s), 1 left on base; Vancouver 2 - Ft. Worth 0
BOTTOM OF THE 2ND
Ft. Worth Cattlemen batting - Pitching for Vancouver Grey Wolves : LHP Gerardo Pagán
Batting: LHB Rick Mayfield 0-0: Ball
1-0: Ball
2-0: Called Strike
2-1: Foul Ball, location: 2F
2-2: Foul Ball, location: 2F
2-2: Ball
3-2: Foul Ball, location: 2F
3-2: Base on Balls
Batting: SHB Gregg Wagner 0-0: Called Strike
0-1: Ball
1-1: Ball
2-1: Swinging Strike
2-2: Strikes out swinging
Batting: RHB Ed Hopkins 0-0: Called Strike
0-1: Ball
1-1: Ball
2-1: Swinging Strike
2-2: Strikes out swinging
Batting: RHB Jesús Martínez 0-0: SINGLE (Line Drive, 8LS)
Rick Mayfield to second
Batting: LHB Nobuo Yamashita 0-0: Ball
1-0: Fly out, F9 (Line Drive, 9D)
Bottom of the 2nd over - 0 run(s), 1 hit(s), 0 error(s), 2 left on base; Vancouver 2 - Ft. Worth 0
TOP OF THE 3RD
Vancouver Grey Wolves batting - Pitching for Ft. Worth Cattlemen : LHP Bartolomeu Lio
Batting: RHB Hank Scorpio 0-0: Foul Ball, location: 2F
0-1: Fly out, F9 (Flyball, 89S)
Batting: RHB Logan Namajunas 0-0: Called Strike
0-1: Ball
1-1: Foul Ball, location: 2F
1-2: Ball
2-2: Ground out 1-3 (Groundball, 13S)
Batting: RHB Frank Grimes 0-0: Called Strike
0-1: Fly out, F7 (Flyball, 7LMF)
Top of the 3rd over - 0 run(s), 0 hit(s), 0 error(s), 0 left on base; Vancouver 2 - Ft. Worth 0
BOTTOM OF THE 3RD
Ft. Worth Cattlemen batting - Pitching for Vancouver Grey Wolves : LHP Gerardo Pagán
Batting: SHB Robby Day 0-0: Ball
1-0: Ball
2-0: Called Strike
2-1: Foul Ball, location: 2F
2-2: Foul Ball, location: 2F
2-2: Foul Ball, location: 2F
2-2: Strikes out swinging
Batting: RHB Bart Lewis 0-0: Ball
1-0: Hit by Pitch
Batting: LHB Ryan Westlake 0-0: Ball
1-0: Foul Ball, location: 2F
1-1: Called Strike
1-2: Ball
2-2: Ball
3-2: Fly out, F8 (Flyball, 8RM)
Batting: RHB Tim Burney 0-0: Ball
1-0: Ball
2-0: Foul Ball, location: 2F
2-1: Ball
3-1: Foul Ball, location: 2F
3-2: Fly out, F6 (Popup, 6M)
Bottom of the 3rd over - 0 run(s), 0 hit(s), 0 error(s), 1 left on base; Vancouver 2 - Ft. Worth 0
TOP OF THE 4TH
Vancouver Grey Wolves batting - Pitching for Ft. Worth Cattlemen : LHP Bartolomeu Lio
Batting: RHB Hugh Mungus 0-0: Foul Ball, location: 2F
0-1: Ball
1-1: Foul Ball, location: 2F
1-2: Ball
2-2: Ball
3-2: SINGLE (Groundball, 6MD)
Batting: RHB Robert O'Connor 0-0: Called Strike
0-1: Ball
1-1: Ball
2-1: DOUBLE (Flyball, 9D)
Hugh Mungus to third
Batting: RHB Tony Farquharson 0-0: Called Strike
0-1: Called Strike
0-2: Foul Ball, location: 2F
0-2: Ground out 6-3 (Groundball, 6)
Hugh Mungus scores
Batting: LHB Aquiles Marmelo 0-0: Ball
1-0: Ground out U3 (Groundball, 34)
Robert O'Connor to third
Batting: RHB Pau Arria 0-0: Called Strike
0-1: Foul Ball, location: 2F
0-2: Ball
Passed Ball!
Robert O'Connor scores
1-2: Fly out, F9 (Flyball, 89S)
Top of the 4th over - 2 run(s), 2 hit(s), 0 error(s), 0 left on base; Vancouver 4 - Ft. Worth 0
BOTTOM OF THE 4TH
Ft. Worth Cattlemen batting - Pitching for Vancouver Grey Wolves : LHP Gerardo Pagán
Batting: LHB Rick Mayfield 0-0: Ball
1-0: Ball
2-0: Foul Ball, location: 2F
2-1: Ball
3-1: Foul Ball, location: 2F
3-2: Foul Ball, location: 2F
3-2: Strikes out swinging
Batting: SHB Gregg Wagner 0-0: Ball
1-0: Called Strike
1-1: Swinging Strike
1-2: Fly out, F9 (Flyball, 9S)
Batting: RHB Ed Hopkins 0-0: Foul Ball, location: 2F
0-1: Ball
1-1: Called Strike
1-2: SOLO HOME RUN (Flyball, 7D), Distance : 376 ft
Batting: RHB Jesús Martínez 0-0: Ball
1-0: Called Strike
1-1: Foul Ball, location: 2F
1-2: Strikes out swinging
Bottom of the 4th over - 1 run(s), 1 hit(s), 0 error(s), 0 left on base; Vancouver 4 - Ft. Worth 1
TOP OF THE 5TH
Vancouver Grey Wolves batting - Pitching for Ft. Worth Cattlemen : LHP Bartolomeu Lio
Batting: SHB Ted Striker 0-0: Called Strike
0-1: Ball
1-1: Swinging Strike
1-2: Ground out 6-3 (Groundball, 6)
Batting: RHB Hank Scorpio 0-0: Foul Ball, location: 2F
0-1: Ball
1-1: Ball
2-1: Called Strike
2-2: Ground out 1-3 (Groundball, P)
Pitching: RHP Enrique Cortéz
Batting: RHB Logan Namajunas 0-0: Called Strike
0-1: Ball
1-1: Foul Ball, location: 2F
1-2: Foul Ball, location: 2F
1-2: Foul Ball, location: 2F
1-2: Strikes out looking
Top of the 5th over - 0 run(s), 0 hit(s), 0 error(s), 0 left on base; Vancouver 4 - Ft. Worth 1
BOTTOM OF THE 5TH
Ft. Worth Cattlemen batting - Pitching for Vancouver Grey Wolves : LHP Gerardo Pagán
Batting: LHB Nobuo Yamashita 0-0: Called Strike
0-1: Ball
1-1: Foul Ball, location: 2F
1-2: Ball
2-2: Foul Ball, location: 2F
2-2: Strikes out swinging
Batting: SHB Robby Day 0-0: Swinging Strike
0-1: Foul Ball, location: 2F
0-2: Foul Ball, location: 2F
0-2: Strikes out swinging
Batting: RHB Bart Lewis 0-0: SINGLE (Line Drive, 89S)
Batting: LHB Ryan Westlake 0-0: Foul Ball, location: 2F
0-1: Ball
1-1: Called Strike
1-2: Ball
2-2: Foul Ball, location: 2F
2-2: Strikes out swinging
Bottom of the 5th over - 0 run(s), 1 hit(s), 0 error(s), 1 left on base; Vancouver 4 - Ft. Worth 1
TOP OF THE 6TH
Vancouver Grey Wolves batting - Pitching for Ft. Worth Cattlemen : RHP Enrique Cortéz
Batting: RHB Frank Grimes 0-0: Called Strike
0-1: Ball
1-1: Ground out 4-3 (Groundball, 4)
Batting: RHB Hugh Mungus 0-0: Called Strike
0-1: Foul Ball, location: 2F
0-2: Ball
1-2: Strikes out swinging
Batting: RHB Robert O'Connor 0-0: Swinging Strike
0-1: Swinging Strike
0-2: Ball
1-2: Foul Ball, location: 2F
1-2: Ball
2-2: Strikes out swinging
Top of the 6th over - 0 run(s), 0 hit(s), 0 error(s), 0 left on base; Vancouver 4 - Ft. Worth 1
BOTTOM OF THE 6TH
Ft. Worth Cattlemen batting - Pitching for Vancouver Grey Wolves : LHP Gerardo Pagán
Batting: RHB Tim Burney 0-0: Foul Ball, location: 2F
0-1: Fly out, F9 (Line Drive, 9)
Batting: LHB Rick Mayfield 0-0: Ball
1-0: Ball
2-0: Called Strike
2-1: Ball
3-1: Base on Balls
Pitching: RHP Tyler Rodríguez
Batting: SHB Gregg Wagner 0-0: Ball
1-0: Called Strike
1-1: Called Strike
1-2: SINGLE (Line Drive, 7S)
Rick Mayfield to second
Rick Mayfield to third
Batting: RHB Ed Hopkins 0-0: Ball
1-0: Ball
2-0: Ball
3-0: Foul Ball, location: 2F
3-1: Called Strike
3-2: Strikes out swinging
Gregg Wagner steals 2nd base
Batter strikes out.
Batting: RHB Jesús Martínez 0-0: SINGLE (Flyball, 56D)
Rick Mayfield scores
Gregg Wagner to third
Runner from 3rd tries for Home, SAFE, no throw
Batting: LHB Nobuo Yamashita 0-0: Ball
1-0: Called Strike
1-1: Ball
2-1: Fly out, F6 (Popup, 6)
Bottom of the 6th over - 2 run(s), 2 hit(s), 0 error(s), 1 left on base; Vancouver 4 - Ft. Worth 3
TOP OF THE 7TH
Vancouver Grey Wolves batting - Pitching for Ft. Worth Cattlemen : RHP Enrique Cortéz
Batting: RHB Tony Farquharson 0-0: Called Strike
0-1: Swinging Strike
0-2: Foul Ball, location: 2F
0-2: Ball
1-2: Strikes out looking
Batting: LHB Aquiles Marmelo 0-0: Swinging Strike
0-1: Ball
1-1: Ball
2-1: Swinging Strike
2-2: Foul Ball, location: 2F
2-2: Ball
3-2: Foul Ball, location: 2F
3-2: Foul Ball, location: 2F
3-2: Strikes out swinging
Batting: RHB Pau Arria 0-0: Ball
1-0: Ball
2-0: Ground out 3-1 (Groundball, 34)
Top of the 7th over - 0 run(s), 0 hit(s), 0 error(s), 0 left on base; Vancouver 4 - Ft. Worth 3
BOTTOM OF THE 7TH
Ft. Worth Cattlemen batting - Pitching for Vancouver Grey Wolves : RHP Tyler Rodríguez
Batting: SHB Robby Day 0-0: Called Strike
0-1: Foul Ball, location: 2F
0-2: Ball
1-2: SINGLE (Groundball, 4D)
Batting: RHB Bart Lewis 0-0: Foul Ball, location: 2F
0-1: Ball
1-1: Called Strike
1-2: Foul Ball, location: 2F
1-2: SINGLE (Flyball, 89S)
Robby Day to second
Batting: LHB Ryan Westlake 0-0: Called Strike
0-1: Ball
1-1: Grounds into double play, 1-4-3 (Groundball, 15)
Robby Day to third
Batting: RHB Tim Burney 0-0: Ball
1-0: Called Strike
1-1: Swinging Strike
1-2: Strikes out looking
Bottom of the 7th over - 0 run(s), 2 hit(s), 0 error(s), 1 left on base; Vancouver 4 - Ft. Worth 3
TOP OF THE 8TH
Vancouver Grey Wolves batting - Pitching for Ft. Worth Cattlemen : RHP Enrique Cortéz
Batting: SHB Ted Striker 0-0: Ball
1-0: Ball
2-0: Fly out, F1 (Line Drive, 15)
Batting: RHB Hank Scorpio 0-0: Ball
1-0: Ball
2-0: Foul Ball, location: 2F
2-1: Swinging Strike
2-2: Ball
3-2: Foul Ball, location: 2F
3-2: Ground out 1-3 (Groundball, 15S)
Batting: RHB Logan Namajunas 0-0: Foul Ball, location: 2F
0-1: Ball
1-1: Called Strike
1-2: Foul Ball, location: 2F
1-2: Strikes out looking
Top of the 8th over - 0 run(s), 0 hit(s), 0 error(s), 0 left on base; Vancouver 4 - Ft. Worth 3
BOTTOM OF THE 8TH
Ft. Worth Cattlemen batting - Pitching for Vancouver Grey Wolves : RHP Tyler Rodríguez
Pitching: RHP Nelle Liefting
Batting: LHB Rick Mayfield 0-0: Called Strike
0-1: Ball
1-1: Called Strike
1-2: Strikes out swinging
Batting: SHB Gregg Wagner 0-0: Called Strike
0-1: Foul Ball, location: 2F
0-2: Ball
1-2: Foul Ball, location: 2F
1-2: Strikes out looking
Batting: RHB Ed Hopkins 0-0: Called Strike
0-1: Ground out 1-3 (Groundball, 15S)
Bottom of the 8th over - 0 run(s), 0 hit(s), 0 error(s), 0 left on base; Vancouver 4 - Ft. Worth 3
TOP OF THE 9TH
Vancouver Grey Wolves batting - Pitching for Ft. Worth Cattlemen : RHP Enrique Cortéz
Pitching: LHP Asher Spivey
Batting: RHB Frank Grimes 0-0: Fly out, F7 (Flyball, 78D)
Batting: RHB Hugh Mungus 0-0: Foul Ball, location: 2F
0-1: Ball
1-1: Ball
2-1: Ground out 5-3 (Groundball, 5L)
Batting: RHB Robert O'Connor 0-0: Foul Ball, location: 2F
0-1: Ball
1-1: Foul Ball, location: 2F
1-2: Ball
2-2: Reached via error on a dropped throw, E3
Batting: RHB Tony Farquharson 0-0: Called Strike
0-1: Swinging Strike
0-2: Strikes out swinging
Top of the 9th over - 0 run(s), 0 hit(s), 1 error(s), 1 left on base; Vancouver 4 - Ft. Worth 3
BOTTOM OF THE 9TH
Ft. Worth Cattlemen batting - Pitching for Vancouver Grey Wolves : RHP Nelle Liefting
Pitching: RHP Francisco Valdés
Pinch Hitting: LHB Orlando Trevino 0-0: Called Strike
0-1: Ball
1-1: Foul Ball, location: 2F
1-2: Foul Ball, location: 2F
1-2: Strikes out swinging
Batting: LHB Nobuo Yamashita 0-0: Ground out 4-3 (Groundball, 4)
Batting: SHB Robby Day 0-0: Swinging Strike
0-1: Ball
1-1: Fly out, F9 (Flyball, 89M)
Bottom of the 9th over - 0 run(s), 0 hit(s), 0 error(s), 0 left on base; Vancouver 4 - Ft. Worth 3
Saturday, May 26th, 2018 - OOTP Baseball 17.12 Build 75